 Dungeon Crawl Stone Soup version 0.17.1-3-g152610e (webtiles) character file.

216 Goblin1989 the Slicer (level 6, -9/37 HPs)
             Began as a Kobold Berserker on Feb 18, 2016.
             Was a Priest of Trog.
             Killed from afar by a goblin (22 damage)
             ... with a wand of draining
             ... on level 3 of the Dungeon.
             The game lasted 00:08:35 (3611 turns).

Goblin1989 the Slicer (Kobold Berserker)            Turns: 3611, Time: 00:08:35

Health: -9/37      AC:  6    Str: 17    XL:     6   Next: 16%
Magic:  6/6        EV: 15    Int:  5    God:    Trog [***...]
Gold:   123        SH:  0    Dex: 16    Spells: 0 memorised, 5 levels left

rFire  . . .     SeeInvis .     a - +0 short sword
rCold  . . .     Clarity  .     j - +0 ring mail
rNeg   . . .     SustAt   .     (shield restricted)
rPois  .         Gourm    .     n - +0 helmet
rElec  .         Spirit   .     (no cloak)
rCorr  .         Warding  .     (no gloves)
rMut   .         Stasis   .     (no boots)
MR     .....                    (no amulet)
Stlth  +.........               o - +2 ring of evasion
                                (no ring)

@: drained, not resistant to hostile enchantments, very unstealthy
A: carnivore 3
a: Berserk, Trog's Hand, Burn Spellbooks, Renounce Religion


You were on level 3 of the Dungeon.
You worshipped Trog.
Trog was most pleased with you.
You were completely stuffed.

You visited 1 branch of the dungeon, and saw 3 of its levels.

You collected 123 gold pieces.

Inventory:

Hand Weapons
 a - a +0 short sword (weapon)
Missiles
 i - 48 bolts
Armour
 j - a +0 ring mail (worn)
 n - a +0 helmet (worn)
Jewellery
 b - an uncursed ring of ice
 k - an uncursed ring of fire
 o - a +2 ring of evasion (right hand)
Wands
 u - a wand of lightning (8)
 w - a wand of disintegration (12)
Scrolls
 e - a scroll of immolation {unknown}
 g - a scroll of enchant armour {unknown}
 h - 3 scrolls of identify {unknown}
 l - 2 scrolls of enchant weapon {unknown}
 p - a scroll of teleportation {unknown}
 q - 3 scrolls of fog {unknown}
 r - a scroll of blinking {unknown}
Potions
 d - 2 potions of curing
 f - a potion of agility {unknown}
 m - a potion of brilliance {unknown}
 v - a potion of flight {unknown}
 x - a potion of cancellation {unknown}
Comestibles
 c - 2 meat rations
 s - a slice of pizza
 t - 4 chunks of flesh


   Skills:
 - Level 3.2(2.2) Fighting
 * Level 8.4(7.1) Short Blades
 - Level 1.5(0.5) Armour
 - Level 2.4(1.3) Dodging
 + Level 0.8(0.0) Stealth


You had 5 spell levels left.
You didn't know any spells.

Dungeon Overview and Level Annotations

Branches:
Dungeon (3/15)

Altars:
Elyvilon
Gozag


Innate Abilities, Weirdness & Mutations

You are small and have problems with some larger weapons.
You are carnivorous and can eat meat at any time.


Message History

A hobgoblin comes into view.
The hobgoblin shouts!
The hobgoblin hits you.
You hit the hobgoblin.
The hobgoblin is almost dead.
The hobgoblin closely misses you.
You hit the hobgoblin.
You kill the hobgoblin!
Trog accepts your kill.
You see here a hobgoblin corpse.
Found a stone staircase leading down.
A goblin comes into view.
The goblin moves out of view.
The goblin zaps a wand.
The bolt of negative energy misses you.
It is a wand of draining.
The goblin zaps a wand.
The bolt of negative energy hits you!
You feel drained.
Ouch! That really hurt!
The goblin zaps a wand.
The bolt of negative energy hits you!
You feel drained.
Ouch! That really hurt!
You die...

#.#########...#
#.......##.....
#.............###
#.########.####
#########.......###.# #.#
#.....[.....# #.#
##......)##### #.#
#......##############.####
#........g##.....†.......#
#.....###.##.########<##.#
##...## #@##.########.# #
##### #..........##.#
####.#####>##.# #.# #.#
#.# ..# #.# ## #.. ###


You could see a goblin.

Vanquished Creatures
  Jessica (D:3)
  Terence (D:3)
  7 adders
  3 gnolls (D:2)
  An ooze (D:1)
  3 worms
  An orc (D:3)
  2 ball pythons (D:3)
  5 bats
  6 goblins
  9 hobgoblins
  9 jackals
  A quokka (D:2)
  3 giant newts
  7 kobolds
  4 rats
63 creatures vanquished.

Notes
Turn   | Place    | Note
--------------------------------------------------------------
     0 | D:1      | Goblin1989 the Kobold Berserker began the quest for the Orb.
     0 | D:1      | Reached XP level 1. HP: 14/14 MP: 1/1
   308 | D:1      | Reached XP level 2. HP: 14/19 MP: 2/2
   750 | D:2      | Reached skill level 5 in Short Blades
  1090 | D:2      | Reached XP level 3. HP: 23/23 MP: 3/3
  1434 | D:2      | Reached skill level 6 in Short Blades
  1505 | D:2      | Reached ** piety under Trog
  1505 | D:2      | Reached XP level 4. HP: 20/28 MP: 4/4
  2271 | D:2      | Found an opulent altar of Gozag.
  2368 | D:2      | Found a white marble altar of Elyvilon.
  2487 | D:2      | Reached skill level 7 in Short Blades
  2487 | D:2      | Reached XP level 5. HP: 32/32 MP: 5/5
  2753 | D:3      | Noticed Jessica
  2760 | D:3      | Killed Jessica
  2887 | D:3      | Reached *** piety under Trog
  3030 | D:3      | Reached skill level 8 in Short Blades
  3293 | D:3      | Reached XP level 6. HP: 31/37 MP: 6/6
  3373 | D:3      | Noticed Terence
  3403 | D:3      | Killed Terence
  3611 | D:3      | Killed from afar by a goblin

Action                   |  1- 3 |  4- 6 || total
-------------------------+-------+-------++-------
Melee: Short sword       |   122 |   200 ||   322
Invok: Berserk           |     1 |     4 ||     5
  Use: Potion            |     2 |       ||     2
  Eat: Chunk             |    11 |    11 ||    22
